TOP OF THE 1ST |
University of Arizona Wildcats batting - Pitching for University of South Carolina Gamecocks : LHP David Saltzman
|
Pitching: LHP David Saltzman
|
|
Batting: LHB Jere Paatelainen
|
0-0: Called Strike 0-1: Ball 1-1: Fly out, F9 (Flyball, 89D, EV 90.0 MPH)
|
Batting: LHB Pascal Noël
|
0-0: SINGLE (Groundball, 34D, EV 100.6 MPH)
|
Batting: RHB Ricardo Fernandez
|
0-0: Ball 1-0: Ball 2-0: Foul Ball, location: 2F 2-1: Foul Ball, location: 2F 2-2: Foul Ball, location: 2F 2-2: Fly out, F7 (Flyball, 7D, EV 91.2 MPH)
|
Batting: LHB Mark Harris
|
0-0: SINGLE (Groundball, 34S, EV 86.9 MPH) (infield hit) Pascal Noël to second
|
Batting: LHB Andrew Davis
|
0-0: Foul Ball, location: 2F 0-1: Fly out, F4 (Line Drive, 4, EV 66.2 MPH)
|
Top of the 1st over - 0 runs, 2 hits, 0 errors, 2 left on base; University of Arizona 0 - University of South Carolina 0 |
BOTTOM OF THE 1ST |
University of South Carolina Gamecocks batting - Pitching for University of Arizona Wildcats : RHP Chris Galloway
|
Pitching: RHP Chris Galloway
|
|
Batting: RHB Justin Kurutz
|
0-0: Called Strike 0-1: Called Strike 0-2: Ball 1-2: Strikes out looking
|
Batting: RHB Brian Passalacqua
|
0-0: Ball 1-0: Ball 2-0: Foul Ball, location: 2F 2-1: Reached on error, E6 (Groundball, 6, EV 93.1 MPH)
|
Batting: SHB Keith Mihas
|
0-0: Ball 1-0: Foul Ball, location: 2F 1-1: Called Strike 1-2: 2-RUN HOME RUN (Flyball, 9D, EV 100.0 MPH), Distance : 375 ft
|
Batting: LHB Chris McNay
|
0-0: Called Strike 0-1: Ground out 6-3 (Groundball, 6S, EV 88.1 MPH)
|
Batting: LHB Bert Webster
|
0-0: Foul Ball, location: 2F 0-1: Foul Ball, location: 2F 0-2: Ball 1-2: Ground out 4-3 (Groundball, 34, EV 97.5 MPH)
|
Bottom of the 1st over - 2 runs, 1 hit, 1 error, 0 left on base; University of Arizona 0 - University of South Carolina 2 |
TOP OF THE 2ND |
University of Arizona Wildcats batting - Pitching for University of South Carolina Gamecocks : LHP David Saltzman
|
Batting: RHB Eddy Amaya
|
0-0: Called Strike 0-1: Foul Ball, location: 2F 0-2: Ball 1-2: Foul Ball, location: 2F 1-2: Ball 2-2: Ball 3-2: Foul Ball, location: 2F 3-2: Fly out, F8 (Flyball, 8RD, EV 86.2 MPH)
|
Batting: SHB George Grace
|
0-0: Ball 1-0: Called Strike 1-1: DOUBLE (Line Drive, 78D, EV 106.9 MPH)
|
Batting: RHB Vince Parris
|
0-0: Fly out, F8 (Flyball, 8RXD, EV 92.5 MPH) Runner from 2nd tags up, SAFE at 3rd, no throw by CF
|
Batting: RHB Tatsuro Hamasaki
|
0-0: Called Strike 0-1: Foul Ball, location: 2F 0-2: Ball 1-2: Ball 2-2: Strikes out looking
|
Top of the 2nd over - 0 runs, 1 hit, 0 errors, 1 left on base; University of Arizona 0 - University of South Carolina 2 |
BOTTOM OF THE 2ND |
University of South Carolina Gamecocks batting - Pitching for University of Arizona Wildcats : RHP Chris Galloway
|
Batting: LHB Jörg Young
|
0-0: Ball 1-0: Called Strike 1-1: Foul Ball, location: 2F 1-2: Foul Ball, location: 2F 1-2: Foul Ball, location: 2F 1-2: Ball 2-2: Ball 3-2: Fly out, F7 (Line Drive, 7S, EV 104.4 MPH)
|
Batting: RHB Ben Turner
|
0-0: Ball 1-0: Fly out, F5 (Line Drive, 56, EV 66.9 MPH)
|
Batting: LHB David Saltzman
|
0-0: Ground out 6-3 (Groundball, 6, EV 88.8 MPH)
|
Bottom of the 2nd over - 0 runs, 0 hits, 0 errors, 0 left on base; University of Arizona 0 - University of South Carolina 2 |
TOP OF THE 3RD |
University of Arizona Wildcats batting - Pitching for University of South Carolina Gamecocks : LHP David Saltzman
|
Batting: LHB Jere Paatelainen
|
0-0: Ball 1-0: Called Strike 1-1: Fly out, F5 (Popup, 15, EV 85.6 MPH)
|
Batting: LHB Pascal Noël
|
0-0: Called Strike 0-1: Called Strike 0-2: Ball 1-2: Foul Ball, location: 2F 1-2: Ball 2-2: Fly out, F8 (Flyball, 78M, EV 89.4 MPH)
|
Batting: RHB Ricardo Fernandez
|
0-0: SINGLE (Groundball, 56D, EV 102.5 MPH)
|
Batting: LHB Mark Harris
|
0-0: Called Strike 0-1: Fly out, F8 (Flyball, 8LD, EV 98.8 MPH)
|
Top of the 3rd over - 0 runs, 1 hit, 0 errors, 1 left on base; University of Arizona 0 - University of South Carolina 2 |
BOTTOM OF THE 3RD |
University of South Carolina Gamecocks batting - Pitching for University of Arizona Wildcats : RHP Chris Galloway
|
Batting: RHB Jeff Swanson
|
0-0: Ground out 5-3 (Groundball, 56, EV 84.4 MPH)
|
Batting: RHB Justin Kurutz
|
0-0: Swinging Strike 0-1: Called Strike 0-2: Strikes out looking
|
Batting: RHB Brian Passalacqua
|
0-0: Called Strike 0-1: Ball 1-1: Ground out 1-3 (Groundball, 13, EV 70.0 MPH)
|
Bottom of the 3rd over - 0 runs, 0 hits, 0 errors, 0 left on base; University of Arizona 0 - University of South Carolina 2 |
TOP OF THE 4TH |
University of Arizona Wildcats batting - Pitching for University of South Carolina Gamecocks : LHP David Saltzman
|
Batting: LHB Andrew Davis
|
0-0: Called Strike 0-1: Foul Ball, location: 2F 0-2: DOUBLE (Line Drive, 78D, EV 107.5 MPH)
|
Batting: RHB Eddy Amaya
|
0-0: Swinging Strike 0-1: Ball 1-1: Swinging Strike 1-2: Ball 2-2: Strikes out swinging
|
Batting: SHB George Grace
|
0-0: SINGLE (Popup, 3D, EV 69.4 MPH) Andrew Davis to third
|
Batting: RHB Vince Parris
|
0-0: Ball 1-0: Ball 2-0: Grounds into double play, 6-4-3 (Groundball, 6, EV 105.0 MPH)
|
Top of the 4th over - 0 runs, 2 hits, 0 errors, 1 left on base; University of Arizona 0 - University of South Carolina 2 |
BOTTOM OF THE 4TH |
University of South Carolina Gamecocks batting - Pitching for University of Arizona Wildcats : RHP Chris Galloway
|
Batting: SHB Keith Mihas
|
0-0: Ball 1-0: Called Strike 1-1: Foul Ball, location: 2F 1-2: Ball 2-2: Ball 3-2: Strikes out looking
|
Batting: LHB Chris McNay
|
0-0: Called Strike 0-1: Ball 1-1: Called Strike 1-2: Ball 2-2: Ball 3-2: Strikes out swinging
|
Batting: LHB Bert Webster
|
0-0: Called Strike 0-1: Ball 1-1: Ground out U3 (Groundball, 34, EV 87.5 MPH)
|
Bottom of the 4th over - 0 runs, 0 hits, 0 errors, 0 left on base; University of Arizona 0 - University of South Carolina 2 |
TOP OF THE 5TH |
University of Arizona Wildcats batting - Pitching for University of South Carolina Gamecocks : LHP David Saltzman
|
Batting: RHB Tatsuro Hamasaki
|
0-0: Called Strike 0-1: Ball 1-1: SINGLE (Flyball, 56D, EV 83.8 MPH)
|
Batting: LHB Jere Paatelainen
|
0-0: Ball 1-0: Reached on error, E1 (Groundball, 15, EV 43.8 MPH) Tatsuro Hamasaki to third
|
Batting: LHB Pascal Noël
|
0-0: Called Strike 0-1: Ball 1-1: Ball 2-1: Swinging Strike 2-2: Ground out 4-3 (Groundball, 4, EV 76.9 MPH) Tatsuro Hamasaki scores Jere Paatelainen to third
|
Batting: RHB Ricardo Fernandez
|
0-0: Called Strike 0-1: Ball 1-1: Fly out, F8 (Flyball, 8RM, EV 84.4 MPH) Runner from 3rd tags up, SCORES, throw by CF
|
Batting: LHB Mark Harris
|
0-0: SINGLE (Groundball, 34D, EV 100.0 MPH)
|
Batting: LHB Andrew Davis
|
0-0: Ball 1-0: Ball 2-0: Ball 3-0: Called Strike 3-1: Foul Ball, location: 2F 3-2: Ground out 4-3 (Groundball, 4, EV 100.6 MPH)
|
Top of the 5th over - 2 runs, 2 hits, 1 error, 1 left on base; University of Arizona 2 - University of South Carolina 2 |
BOTTOM OF THE 5TH |
University of South Carolina Gamecocks batting - Pitching for University of Arizona Wildcats : RHP Chris Galloway
|
Batting: LHB Jörg Young
|
0-0: Ball 1-0: DOUBLE (Line Drive, 78XD, EV 107.5 MPH)
|
Batting: RHB Ben Turner
|
0-0: Ground out U3 (Groundball, 34, EV 88.8 MPH) Jörg Young to third
|
Batting: LHB David Saltzman
|
0-0: Foul Ball, location: 2F 0-1: SINGLE (Line Drive, 8LS, EV 106.2 MPH) Jörg Young scores
|
Batting: RHB Jeff Swanson
|
0-0: Foul Ball, location: 2F 0-1: Ball 1-1: Called Strike 1-2: Fielders Choice at 2nd, 6-4 (Groundball, 6D, EV 96.9 MPH)
|
Now at 2B: Larry Harlow
|
|
Batting: RHB Justin Kurutz
|
0-0: Foul Ball, location: 2F 0-1: Ball 1-1: Ball 2-1: SINGLE (Line Drive, 8RS, EV 106.2 MPH) Jeff Swanson to second Runner from 2nd tries for 3rd, SAFE, throw by CF made to third
|
Batting: RHB Brian Passalacqua
|
0-0: Called Strike 0-1: Fielders Choice at 2nd, 5-4 (Groundball, 5L, EV 78.1 MPH)
|
Bottom of the 5th over - 1 run, 3 hits, 0 errors, 2 left on base; University of Arizona 2 - University of South Carolina 3 |
TOP OF THE 6TH |
University of Arizona Wildcats batting - Pitching for University of South Carolina Gamecocks : LHP David Saltzman
|
Batting: RHB Eddy Amaya
|
0-0: Ball 1-0: Foul Ball, location: 2F 1-1: Ball 2-1: Ball 3-1: Foul Ball, location: 2F 3-2: Strikes out looking
|
Pitching: RHP Jop van Grootveld
|
|
Batting: SHB George Grace
|
0-0: Called Strike 0-1: Fly out, F7 (Flyball, 78XD, EV 90.6 MPH)
|
Pinch Hitting: LHB Lihau Keawe
|
0-0: Ground out 4-3 (Groundball, 4, EV 90.0 MPH)
|
Top of the 6th over - 0 runs, 0 hits, 0 errors, 0 left on base; University of Arizona 2 - University of South Carolina 3 |
BOTTOM OF THE 6TH |
University of South Carolina Gamecocks batting - Pitching for University of Arizona Wildcats : RHP Chris Galloway
|
Now in LF: Lihau Keawe
|
|
Batting: SHB Keith Mihas
|
0-0: Foul Ball, location: 2F 0-1: Fly out, F8 (Line Drive, 8RD, EV 95.0 MPH)
|
Batting: LHB Chris McNay
|
0-0: Called Strike 0-1: Foul Ball, location: 2F 0-2: Ball 1-2: Ball 2-2: Ground out U3 (Groundball, 23, EV 78.1 MPH)
|
Batting: LHB Bert Webster
|
0-0: Ball 1-0: Ball 2-0: Ball 3-0: Base on Balls
|
Batting: LHB Jörg Young
|
0-0: Called Strike 0-1: Foul Ball, location: 2F 0-2: Ball 1-2: Ball 2-2: Foul Ball, location: 2F 2-2: Ball 3-2: Foul Ball, location: 2F 3-2: Foul Ball, location: 2F 3-2: Foul Ball, location: 2F 3-2: Foul Ball, location: 2F 3-2: SINGLE (Flyball, 4D, EV 90.0 MPH) Bert Webster to second Bert Webster to third
|
Pitching: RHP Rogelio Chavez
|
|
Batting: RHB Ben Turner
|
0-0: Ball 1-0: Ground out 4-3 (Groundball, 4S, EV 94.4 MPH)
|
Bottom of the 6th over - 0 runs, 1 hit, 0 errors, 2 left on base; University of Arizona 2 - University of South Carolina 3 |
TOP OF THE 7TH |
University of Arizona Wildcats batting - Pitching for University of South Carolina Gamecocks : RHP Jop van Grootveld
|
Batting: RHB Tatsuro Hamasaki
|
0-0: Called Strike 0-1: Swinging Strike 0-2: Foul Ball, location: 2F 0-2: Ball 1-2: Strikes out swinging
|
Batting: LHB Jere Paatelainen
|
0-0: Ball 1-0: Called Strike 1-1: Foul Ball, location: 2F 1-2: SINGLE (Groundball, 6D, EV 108.8 MPH)
|
Batting: LHB Pascal Noël
|
0-0: Ball 1-0: Ball 2-0: Ground out 5-3 (Groundball, 25, EV 91.9 MPH) Jere Paatelainen to second
|
Batting: RHB Larry Harlow
|
0-0: Ball 1-0: Ground out 4-3 (Groundball, 4, EV 108.1 MPH)
|
Top of the 7th over - 0 runs, 1 hit, 0 errors, 1 left on base; University of Arizona 2 - University of South Carolina 3 |
BOTTOM OF THE 7TH |
University of South Carolina Gamecocks batting - Pitching for University of Arizona Wildcats : RHP Rogelio Chavez
|
Batting: LHB David Saltzman
|
0-0: Ball 1-0: Ground out U3 (Groundball, 34, EV 77.5 MPH)
|
Batting: RHB Jeff Swanson
|
0-0: Called Strike 0-1: Ground out 1-3 (Groundball, 13S, EV 73.8 MPH)
|
Batting: RHB Justin Kurutz
|
0-0: Ground out 6-3 (Groundball, 56, EV 83.8 MPH)
|
Bottom of the 7th over - 0 runs, 0 hits, 0 errors, 0 left on base; University of Arizona 2 - University of South Carolina 3 |
TOP OF THE 8TH |
University of Arizona Wildcats batting - Pitching for University of South Carolina Gamecocks : RHP Jop van Grootveld
|
Pitching: LHP Mijalko Brkic
|
|
Batting: LHB Mark Harris
|
0-0: SINGLE (Flyball, 8RD, EV 98.8 MPH)
|
Batting: LHB Andrew Davis
|
0-0: Ball 1-0: Foul Ball, location: 2F 1-1: Swinging Strike 1-2: Ball 2-2: Foul Ball, location: 2F 2-2: Fly out, F7 (Flyball, 78D, EV 95.0 MPH)
|
Pitching: RHP Trent Lipinski
|
|
Batting: RHB Eddy Amaya
|
0-0: Swinging Strike 0-1: Grounds into double play, 6-4-3 (Groundball, 6, EV 80.6 MPH)
|
Top of the 8th over - 0 runs, 1 hit, 0 errors, 0 left on base; University of Arizona 2 - University of South Carolina 3 |
BOTTOM OF THE 8TH |
University of South Carolina Gamecocks batting - Pitching for University of Arizona Wildcats : RHP Rogelio Chavez
|
Batting: RHB Brian Passalacqua
|
0-0: Swinging Strike 0-1: Foul Ball, location: 2F 0-2: Foul Ball, location: 2F 0-2: Ball 1-2: Strikes out swinging
|
Batting: SHB Keith Mihas
|
0-0: Foul Ball, location: 2F 0-1: Ball 1-1: Foul Ball, location: 2F 1-2: Ball 2-2: Ball 3-2: Ground out 4-3 (Groundball, 4M, EV 110.6 MPH)
|
Batting: LHB Chris McNay
|
0-0: Ball 1-0: Ground out 6-3 (Groundball, 6S, EV 87.5 MPH)
|
Bottom of the 8th over - 0 runs, 0 hits, 0 errors, 0 left on base; University of Arizona 2 - University of South Carolina 3 |
TOP OF THE 9TH |
University of Arizona Wildcats batting - Pitching for University of South Carolina Gamecocks : RHP Trent Lipinski
|
Pitching: RHP Nelson Knopp
|
|
Now in RF: Keith Lynch
|
|
Batting: SHB George Grace
|
0-0: Hit by Pitch
|
Batting: LHB Lihau Keawe
|
0-0: Called Strike 0-1: Bunted foul 0-2: Ball 1-2: SINGLE (Groundball, 56, EV 110.6 MPH) (infield hit) George Grace to second
|
Batting: RHB Tatsuro Hamasaki
|
0-0: Ball 1-0: Called Strike 1-1: Ball 2-1: Ball 3-1: Base on Balls George Grace to third Lihau Keawe to second
|
Batting: LHB Jere Paatelainen
|
0-0: Ball 1-0: Called Strike 1-1: Called Strike 1-2: Strikes out looking
|
Batting: LHB Pascal Noël
|
0-0: Called Strike 0-1: Foul Ball, location: 2F 0-2: DOUBLE (Line Drive, 78M, EV 102.5 MPH) George Grace scores Lihau Keawe scores Tatsuro Hamasaki to third Runner from 3rd tries for Home, SAFE, throw by LF to home
|
Batting: RHB Larry Harlow
|
0-0: Intentional Walk
|
Batting: LHB Mark Harris
|
0-0: Fly out, F7 (Flyball, 7, EV 88.8 MPH)
|
Pitching: LHP Cris Duran
|
|
Batting: LHB Andrew Davis
|
0-0: Called Strike 0-1: Swinging Strike 0-2: Ball 1-2: Ball 2-2: Fly out, F9 (Line Drive, 9S, EV 96.2 MPH)
|
Top of the 9th over - 3 runs, 2 hits, 0 errors, 2 left on base; University of Arizona 5 - University of South Carolina 3 |
BOTTOM OF THE 9TH |
University of South Carolina Gamecocks batting - Pitching for University of Arizona Wildcats : RHP Rogelio Chavez
|
Pitching: RHP Carlos Maravilla
|
|
Batting: LHB Bert Webster
|
0-0: Ball 1-0: Ground out 6-3 (Groundball, 6, EV 93.1 MPH)
|
Batting: LHB Jörg Young
|
0-0: Fly out, F8 (Line Drive, 8LM, EV 90.6 MPH)
|
Pinch Hitting: LHB David Fowler
|
0-0: Ball 1-0: Foul Ball, location: 2F 1-1: Ball 2-1: Fly out, F8 (Flyball, 78S, EV 98.1 MPH)
|
Bottom of the 9th over - 0 runs, 0 hits, 0 errors, 0 left on base; University of Arizona 5 - University of South Carolina 3 |
|